 Dungeon Crawl Stone Soup version 0.31-a0-1074-g0b22e4e0f1 (webtiles) character file.

Game seed: 5076635259706505727

303 lunkers the Ruffian (level 6, -2/47 HPs)
             Began as a Meteoran Shapeshifter on Nov 29, 2023.
             Was an Initiate of Ru.
             Slain by a centaur (3 damage)
             ... on level 5 of the Dungeon.
             The game lasted 00:02:34 (1521 turns).

lunkers the Ruffian (Meteoran Shapeshifter)         Turns: 1521, Time: 00:02:34

Health: -2/47      AC:  6    Str: 16    XL:     6   Next: 99%
Magic:  7/7        EV: 10    Int: 12    God:    Ru [......]
Gold:   143        SH:  0    Dex: 15    Spells: 5/5 levels left

rFire   . .          .
                       - Unarmed
rCold   . . .        (no shield)
rNeg    . . .        l - +0 scale mail
rPois   .            (helmet currently unavailable)
rElec   .            (cloak currently unavailable)
rCorr   .            (gloves currently unavailable)
SInv    .            (boots currently unavailable)
Will    .....        (no amulet) Stlth
                     (no ring)
HPRegen 0.27/turn    (no ring)
MPRegen 0.10/turn

%: no passive effects
@: beast-form, glowing
A: beast (slay +3), sense surroundings 1, otherworldly, glowing, explore regen
a: Begin Untransformation, Renounce Religion


You were on level 5 of the Dungeon.
You worshipped Ru.
Ru was noncommittal.
You were a hulking beast.
You visited 1 branch of the dungeon, and saw 5 of its levels.

You collected 143 gold pieces.

Inventory:

Armour
 a - a +0 animal skin
 e - a +0 leather armour
 l - a +0 scale mail (worn)
Talismans
 c - a beast talisman
 d - a flux talisman
Wands
 p - a wand of paralysis (9)
Scrolls
 f - a scroll of identify {unknown}
 g - 2 scrolls of teleportation {unknown}
 i - a scroll of revelation {unknown}
 o - 2 scrolls of poison {unknown}
 q - a scroll of immolation {unknown}
Potions
 b - a potion of lignification
 h - 3 potions of heal wounds {unknown}
 j - a potion of curing {unknown}
 k - a potion of enlightenment {unknown}
 m - a potion of haste {unknown}
 n - 2 potions of attraction {unknown}


   Skills:
 - Level 1.1 Fighting
 - Level 2.1 Dodging
 * Level 7.1 Unarmed Combat
 + Level 5.3 Shapeshifting


You had 5 spell levels left.
You didn't know any spells.
Your spell library was empty.

Dungeon Overview and Level Annotations

Branches:
Dungeon (5/15) Zot: 1493
 Temple: D:4-7

Altars:
Cheibriados
Elyvilon
Ru
Wu Jian

Shops:
D:2 (

Annotations:
D:3 2 transporters, timneilson's ghost, amateur OpSh


Innate Abilities, Weirdness & Mutations

You are a hulking beast.
Your limbs bulge with bestial killing power. (Slay +3)
You passively map a small area around you.
You are easily found by Zot.
You glow in the dark.
You regain HP and MP as you explore.


Message History

You punch the centaur!
The centaur is heavily wounded.
The centaur closely misses you. The centaur barely misses you.
The centaur hits you but does no damage.
The centaur barely misses you.
You barely miss the centaur.
The centaur is heavily wounded.
The centaur hits you.
* * * LOW HITPOINT WARNING * * *
The centaur kicks you but does no damage.
You hit the centaur.
The centaur is heavily wounded.
The centaur barely misses you. The centaur closely misses you.
You punch the centaur!
You kill the centaur!
The centaur wields a +0 shortbow.
The centaur shoots an arrow.
The arrow hits you.
* * * LOW HITPOINT WARNING * * *
Your Unarmed Combat skill increases to level 7!
The centaur unwields a +0 shortbow.
The centaur barely misses you. The centaur closely misses you.
You see here a +0 orcbow.
You hit the centaur but do no damage. The centaur barely misses you.
The centaur kicks you.
* * * LOW HITPOINT WARNING * * *
You hit the centaur. You punch the centaur.
The centaur is moderately wounded.
The centaur hits you but does no damage.
The centaur kicks you but does no damage.
The centaur barely misses you.
The centaur kicks you but does no damage.
Unknown command.
You completely miss the centaur. Your punch misses the centaur.
The centaur is moderately wounded.
The centaur barely misses you. The centaur kicks you.
* * * LOW HITPOINT WARNING * * *
You hit the centaur but do no damage.
The centaur is moderately wounded.
The centaur hits you.
You die...

#.# #.....# ###
.######.###.....######..
, ,
........(.......'....').
*
.....#.#.......######..
* #.####.#.......# #..
#......+...##### ##. ,
,######$#...# #. ,,
#.##### #. * , * #h# #.
#c# ## , , ,..# #### * *
* ,


You could see a centaur.

Vanquished Creatures
  A centaur (D:5)
  A scorpion (D:5)
  2 hounds (D:5)
  An iguana (D:4)
  Natasha (D:3)
  An adder (D:3)
  2 worms
  A dart slug (D:2)
  5 orcs (D:3)
  4 endoplasms
  A giant cockroach (D:4)
  2 goblins (D:1)
  5 hobgoblins
  A quokka (D:2)
  6 ball pythons
  2 bats (D:1)
  2 frilled lizards (D:1)
  4 kobolds
  5 rats
47 creatures vanquished.

Notes
Turn   | Place    | Note
-------+----------+-------------------------------------------
     0 | D:1      | lunkers the Meteoran Shapeshifter began the quest for the
                  | Orb.
     0 | D:1      | Reached XP level 1. HP: 16/16 MP: 2/2
   148 | D:1      | Reached XP level 2. HP: 23/23 MP: 3/3
   151 | D:1      | Reached skill level 4 in Unarmed Combat
   502 | D:1      | Glimpsed the power of Zot.
   558 | D:2      | Found a transporter.
   560 | D:2      | Found Nuteddei's Antique Weapon Shop.
   563 | D:2      | Found a transporter.
   617 | D:2      | Reached XP level 3. HP: 28/28 MP: 4/4
   734 | D:2      | You fall into a shaft and drop 1 floor!
   767 | D:3      | Found a transporter.
   810 | D:3      | Reached XP level 4. HP: 29/35 MP: 5/5
   837 | D:3      | Reached skill level 5 in Unarmed Combat
   863 | D:3      | Noticed Natasha
   874 | D:3      | Killed Natasha
   895 | D:3      | Noticed timneilson's ghost (amateur OpSh)
   947 | D:3      | Found a transporter.
  1100 | D:4      | Found an ornate altar of the Wu Jian Council.
  1100 | D:4      | Found a sacrificial altar of Ru.
  1101 | D:4      | Found a white marble altar of Elyvilon.
  1137 | D:4      | Found a snail-covered altar of Cheibriados.
  1141 | D:4      | Became a worshipper of Ru the Awakened
  1182 | D:4      | Reached XP level 5. HP: 38/40 MP: 6/6
  1361 | D:5      | Entered Level 5 of the Dungeon
  1379 | D:5      | Reached skill level 6 in Unarmed Combat
  1384 | D:5      | Reached skill level 5 in Shapeshifting
  1384 | D:5      | Reached XP level 6. HP: 29/47 MP: 7/7
  1508 | D:5      | Noticed a centaur
  1512 | D:5      | Noticed a centaur
  1516 | D:5      | Killed a centaur
  1517 | D:5      | Reached skill level 7 in Unarmed Combat
  1520 | D:5      | HP: 1/47 [centaur (3)]
  1521 | D:5      | Slain by a centaur

Illustrated notes

Levels and vault maps discovered:
D:1:      elethiomel_arrival_maze, layout_basic
D:2:      layout_basic, serial_shops, nicolae_shop_drivethru, shop, shop, shop
D:3:      layout_basic, gammafunk_ghost_stat_death, serial_shops,
          nicolae_book_shop_shelving, uniq_natasha
D:4:      layout_basic, nicolae_overflow_quartered_altars
D:5:      layout_basic, fedhas_altar_fruit_tree

Skill      XL: |  1  2  3  4  5  6 |
---------------+-------------------+-----
Unarmed Combat | 4 5 6 7 |  7.1
Shapeshifting  | 4 5 |  5.3
Fighting       | |  1.1
Dodging        | |  2.1

Action                     |  1- 3 |  4- 6 || total
---------------------------+-------+-------++-------
  Melee: Unarmed           |    67 |    86 ||   153
         Punch             |       |     3 ||     3
 Armour: Animal skin       |     8 |       ||     8
         Leather armour    |    17 |    15 ||    32
         Scale mail        |       |    44 ||    44
  Dodge: Dodged            |    32 |    62 ||    94

Table legend: (Time is in decaauts)
 A = Elapsed time spent in this place.
 B = Non-inter-level travel time spent in this place.
 C = Inter-level travel time spent in this place.
 D = Time resting spent in this place.
 E = Time spent auto-exploring this place.
 F = Levels seen in this place.
 G = Mean time per level.
                   A        B        C        D        E       F      G
               +--------+--------+--------+--------+--------+-----+--------+
         Total |   1506 |   1452 |     54 |      0 |   1067 |   5 |  301.2 |
       Dungeon |   1506 |   1452 |     54 |      0 |   1067 |   5 |  301.2 |
               +--------+--------+--------+--------+--------+-----+--------+

Top non-repeatable levels by time:
     D:1: 508 daAuts
     D:3: 340 daAuts
     D:4: 279 daAuts
     D:2: 221 daAuts
     D:5: 156 daAuts
